 Dungeon Crawl Stone Soup version 0.31-a0-1591-g515db51633 (webtiles) character file.

Game seed: 13555086739242840245

126 TotoRNA the Changeling (level 5, 0/34 HPs)
             Began as an Octopode Shapeshifter on Jan 6, 2024.
             Slain by an orc wizard
             ... wielding a +0 dagger
              (3 damage)
             ... on level 3 of the Dungeon.
             The game lasted 00:09:15 (1992 turns).

TotoRNA the Changeling (Octopode Shapeshifter)      Turns: 1992, Time: 00:09:16

Health: 0/34       AC:  1    Str: 13    XL:     5   Next: 10%
Magic:  5/5        EV: 13    Int: 15    God:
Gold:   84         SH:  0    Dex: 11    Spells: 4/4 levels left

rFire   . . .        e - +0 whip
rCold   + . .        (no shield)
rNeg    . . .        (helmet currently unavailable)
rPois   .            g - amulet of magic regeneration
rElec   .            i - ring of protection from cold
rCorr   .            (no ring)
SInv    .            (no ring)
Will    .....        (no ring)
Stlth   ++           (no ring)
HPRegen 0.25/turn    (no ring)
MPRegen 0.49/turn    (no ring)
                     (no ring)

%: no passive effects
@: beast-form
A: beast (slay +2), almost no armour, amphibious, 8 rings, camouflage 1,
gelatinous body 1, (nimble swimmer 1), tentacles
a: Begin Untransformation


You were on level 3 of the Dungeon.
You were a hulking beast.
You visited 1 branch of the dungeon, and saw 3 of its levels.

You collected 84 gold pieces.

Inventory:

Hand Weapons
 e - a +0 whip (weapon)
 l - a +0 trident
Jewellery
 g - an amulet of magic regeneration (around mantle)
 i - a ring of protection from cold (left tentacle)
Talismans
 b - a beast talisman (active)
 c - a flux talisman
Scrolls
 f - a scroll of revelation {unknown}
 j - a scroll of poison {unknown}
 k - a scroll of enchant armour {unknown}
 m - a scroll of fear
 o - a scroll of amnesia
 p - a scroll of teleportation {unknown}
 q - a scroll of immolation {unknown}
Potions
 a - a potion of lignification
 d - a potion of curing {unknown}
 h - a potion of degeneration {unknown}
 n - a potion of invisibility {unknown}
 r - 2 potions of attraction {unknown}


   Skills:
 + Level 2.3 Fighting
 - Level 2.0 Dodging
 - Level 0.2 Stealth
 - Level 3.0 Unarmed Combat
 * Level 4.8 Shapeshifting


You had 4 spell levels left.
You didn't know any spells.
Your spell library contained the following spells:

 Spells                   Type           Power      Damage    Failure   Level
 Volatile Blastmotes      Fire/Tloc      0%         2d10      63%         3
 Fulminant Prism          Conj/Alch      0%         3d5       95%         4
 Iskenderun's Mystic Bla  Conj/Tloc      0%         2d3       95%         4


Dungeon Overview and Level Annotations

Branches:
Dungeon (3/15)

Altars:

Shops:
D:1 :   D:2 :


Innate Abilities, Weirdness & Mutations

You are a hulking beast.
Your limbs bulge with bestial killing power. (Slay +2)
You cannot wear most types of armour.
You are amphibious.
You can wear up to eight rings at the same time.
Your skin changes colour to match your surroundings (Stealth+).
Your rubbery body absorbs attacks. (AC +1, EV +1)
((You are camouflaged when in or above water. (Stealth+)))
You have tentacles for arms and can constrict up to eight enemies at once.


Message History

You hit the orc but do no damage.
The orc is almost dead.
You constrict the orc.
You kill the orc!
You miss something. Your squeeze misses something. Something hits you.
You hit something but do no damage.
You hear some strange, mumbled words.
A magic dart appears from out of thin air!
The magic dart hits you!
You closely miss something. Something hits you.
Unknown command.
You closely miss something. Your squeeze misses something. Something hits you.
Something barely misses you.
You miss something. Your squeeze misses something. Something barely misses you.
You barely miss something. Your squeeze misses something.
You hear some strange, mumbled words.
You are confused.
Unknown command.
You are too confused!
You're too confused to move!
Something hits you.
You miss something. Something hits you.
You bump into the rock wall.
You hear some strange, mumbled words.
Something tries to affect you, but you resist.
You miss something.
The endoplasm jiggles.
Something hits you.
You barely miss something.
You hear some strange, mumbled words.
A magic dart appears from out of thin air!
The magic dart hits you!
* * * LOW HITPOINT WARNING * * *
You bump into the rock wall.
Something hits you.
* * * LOW HITPOINT WARNING * * *
You feel less confused.
You are too injured to fight recklessly!
You hit something. Your squeeze misses something. Something hits you.
* * * LOW HITPOINT WARNING * * *
You hit something. Your squeeze misses something. Something hits you.
You die...

#######...###..#..#.#####.# #.#
#..............#..#.......# #.#
#.#####...####.#.>#..###.##
#.## #...####.#..#..# #.# #...
####..........##..# #.# ####
.............(.....###.########
.###########.##....##..........
#.)o.J.........#######.
########.##.{h..#####....# #.
..Jo.....#####..# ####.# #.
.oo..###.# #..# # #. ### #.#
#..# #. #.# #..# #. #.# #..# #.
... #..# ###.####. .#. ....
......... . . ###. #########


You could see an orc and an endoplasm.

Vanquished Creatures
  An orc wizard (D:3)
  4 adders (D:2)
  A dart slug (D:1)
  2 ribbon worms (D:2)
  4 orcs (D:3)
  3 ball pythons
  3 bats (D:1)
  5 endoplasms
  2 giant cockroaches (D:2)
  6 hobgoblins
  2 jackals (D:2)
  2 quokkas (D:1)
  5 frilled lizards
  7 goblins
  2 kobolds
  2 rats
51 creatures vanquished.

Notes
Turn   | Place    | Note
-------+----------+-------------------------------------------
     0 | D:1      | TotoRNA the Octopode Shapeshifter began the quest for the
                  | Orb.
     0 | D:1      | Reached XP level 1. HP: 13/13 MP: 1/1
    39 | D:1      | Found Etziviakh's Book Boutique.
    95 | D:1      | Reached XP level 2. HP: 18/18 MP: 2/2
   836 | D:2      | Reached XP level 3. HP: 23/23 MP: 3/3
   941 | D:2      | Reached skill level 4 in Shapeshifting
  1015 | D:2      | Found a faded altar of an unknown god.
  1118 | D:2      | Found Tekalaor's Book Boutique.
  1166 | D:2      | Reached XP level 4. HP: 24/28 MP: 4/4
  1817 | D:3      | Reached XP level 5. HP: 17/34 MP: 5/5
  1992 | D:3      | Slain by an orc wizard

Illustrated notes

Levels and vault maps discovered:
D:1:      ldierk_walled_garden_2, layout_basic, serial_shops,
          nicolae_shop_crystal
D:2:      layout_loops_ring, serial_shops, nicolae_shop_tiny_real_fake_doors,
          shapermc_ecumenical_altar_mp_highgroup, kennysheep_generic_room_5
D:3:      layout_loops_ring

Skill      XL: |  1  2  3  4 |
---------------+-------------+-----
Shapeshifting  | 4 |  4.8
Fighting       | 2 |  2.3
Dodging        | |  2.0
Stealth        | |  0.2
Unarmed Combat | |  3.0

Action                     |  1- 3 |  4- 6 || total
---------------------------+-------+-------++-------
  Melee: Unarmed           |    33 |       ||    33
         Constrict         |    16 |    13 ||    29
         Tentacles         |     9 |     8 ||    17
         Whip              |    24 |    47 ||    71
         Punch             |     2 |     1 ||     3
    Use: Scroll            |       |     3 ||     3
         Potion            |       |     1 ||     1
   Stab: Sleeping          |     6 |     3 ||     9
         Distracted        |     1 |       ||     1
 Armour: Skin              |    10 |    25 ||    35
  Dodge: Dodged            |    32 |    19 ||    51
   Form: Beast             |     2 |       ||     2
                           |     1 |       ||     1

Table legend: (Time is in decaauts)
 A = Elapsed time spent in this place.
 B = Non-inter-level travel time spent in this place.
 C = Inter-level travel time spent in this place.
 D = Time resting spent in this place.
 E = Time spent auto-exploring this place.
 F = Levels seen in this place.
 G = Mean time per level.
                   A        B        C        D        E       F      G
               +--------+--------+--------+--------+--------+-----+--------+
         Total |   1996 |   1964 |     32 |     20 |   1350 |   3 |  665.3 |
       Dungeon |   1996 |   1964 |     32 |     20 |   1350 |   3 |  665.3 |
               +--------+--------+--------+--------+--------+-----+--------+

Top non-repeatable levels by time:
     D:1: 869 daAuts
     D:2: 824 daAuts
     D:3: 302 daAuts
